 Dungeon Crawl Stone Soup version 0.22.1-2-g9c5b331 (webtiles) character file.

86 antediem the Grave Robber (level 4, 0/24 HPs)
             Began as a Deep Elf Necromancer on Nov 15, 2018.
             Was an Initiate of Qazlal.
             Slain by a centaur zombie (4 damage)
             ... on level 4 of the Dungeon.
             The game lasted 00:11:59 (2710 turns).

antediem the Grave Robber (Deep Elf Necromancer)    Turns: 2710, Time: 00:12:00

Health: 0/24       AC:  4    Str:  5    XL:     4   Next: 27%
Magic:  7/13       EV: 13    Int: 21    God:    Qazlal [......]
Gold:   120        SH:  0    Dex: 15    Spells: 5/13 levels left

rFire    . . .     SeeInvis .   (no weapon)
rCold    . . .     Gourm    .   (no shield)
rNeg     . . .     Faith    .   p - +0 robe
rPois    .         Spirit   .   (no helmet)
rElec    .         Reflect  .   (no cloak)
rCorr    .         Harm     .   (no gloves)
MR       .....                  g - +1 pair of boots
Stlth    ++........             (no amulet)
HPRegen  1.08/turn              k - ring of wizardry
MPRegen  0.13/turn              (no ring)

@: regenerating
A: no striking features
a: Renounce Religion


You were on level 4 of the Dungeon.
You worshipped Qazlal.
Qazlal was noncommittal.
You were not hungry.

You visited 1 branch of the dungeon, and saw 4 of its levels.

You collected 120 gold pieces.

Inventory:

Armour
 g - a +1 pair of boots (worn)
 p - a +0 robe (worn)
Jewellery
 b - an uncursed ring of flight {unknown}
 k - a ring of wizardry (left hand)
Scrolls
 j - a scroll of fear
 l - 2 scrolls of remove curse {unknown}
 n - a scroll of random uselessness {unknown}
 o - a scroll of enchant armour
Potions
 a - a potion of brilliance {unknown}
 d - 2 potions of curing
 e - a potion of degeneration {unknown}
 f - a potion of agility {unknown}
 i - a potion of haste {unknown}
 m - a potion of heal wounds {unknown}
Comestibles
 c - 6 rations


   Skills:
 + Level 2.7 Dodging
 + Level 2.6 Stealth
 + Level 0.1 Unarmed Combat
 + Level 5.1 Spellcasting
 + Level 5.5 Necromancy


You had 5 spell levels left.
You knew the following spells:

 Your Spells              Type           Power        Failure   Level  Hunger
a - Pain                  Necr           ####         1%          1    None
b - Animate Skeleton      Necr           N/A          1%          1    None
c - Regeneration          Chrm/Necr      ###.......   4%          3    ##.....
d - Vampiric Draining     Necr           ####......   1%          3    ##.....

Your spell library contained the following spells:

 Spells                   Type           Power        Failure   Level  Hunger
 Apportation              Tloc           #.....       4%          1    None
 Confusing Touch          Hex            #.....       4%          1    None
 Summon Small Mammal      Summ           #...         4%          1    None
 Animate Dead             Necr           N/A          4%          4    ####...


Dungeon Overview and Level Annotations

Branches:
Dungeon (4/15)
 Temple: D:4-7

Altars:
Dithmenos
Nemelex Xobeh
Qazlal
Ru


Message History

You hit the centaur zombie but do no damage.
The centaur zombie is lightly damaged.
The centaur zombie misses you.
Casting: Vampiric Draining (safe; 1% risk of failure)
Confirm with . or Enter, or press ? or * to list all spells.
Your skin crawls.
The centaur zombie completely misses you.
The centaur zombie hits you.
* * * LOW HITPOINT WARNING * * *
A centaur zombie is nearby!
You hit the centaur zombie but do no damage.
The centaur zombie is lightly damaged.
The centaur zombie closely misses you.
You hit the centaur zombie.
The centaur zombie is moderately damaged.
The centaur zombie closely misses you.
You hit the centaur zombie.
The centaur zombie is moderately damaged.
The centaur zombie barely misses you. The centaur zombie hits you.
You die...

#.......!.....#
#.............#
#.............#
#.............#
######.########
#.# #8##
#.##8...8
#Z##.....
#@#>.....
####.....
##8...8 ##8##
##


You could see a centaur zombie.

Vanquished Creatures
  4 adders
  A dart slug (D:2)
  A leopard gecko (D:3)
  5 orcs
  A ball python (D:3)
  4 giant cockroaches
  3 goblins
  5 hobgoblins
  A quokka (D:3)
  6 bats
  3 frilled lizards
  2 kobolds
  7 rats
43 creatures vanquished.

Vanquished Creatures (collateral kills)
  A dart slug (D:1)
  A kobold (D:1)
2 creatures vanquished.

Grand Total: 45 creatures vanquished

Notes
Turn   | Place    | Note
-------+----------+-------------------------------------------
     0 | D:1      | antediem the Deep Elf Necromancer began the quest for the
                  | Orb.
     0 | D:1      | Reached XP level 1. HP: 10/10 MP: 6/6
    44 | D:1      | Reached skill level 5 in Necromancy
   271 | D:1      | Learned a level 1 spell: Animate Skeleton
   385 | D:1      | Reached XP level 2. HP: 11/15 MP: 2/8
  1195 | D:2      | Reached XP level 3. HP: 14/19 MP: 7/10
  1244 | D:2      | Learned a level 3 spell: Regeneration
  1326 | D:2      | Found a sacrificial altar of Ru.
  1332 | D:2      | Found a shadowy altar of Dithmenos.
  1397 | D:2      | Found a stormy altar of Qazlal.
  1406 | D:2      | Became a worshipper of Qazlal Stormbringer
  1519 | D:2      | Found a sparkling altar of Nemelex Xobeh.
  1734 | D:3      | Learned a level 3 spell: Vampiric Draining
  1986 | D:3      | Reached XP level 4. HP: 11/24 MP: 8/12
  2000 | D:3      | Reached skill level 5 in Spellcasting
  2705 | D:4      | HP: 1/24 [centaur zombie (2)]
  2710 | D:4      | Slain by a centaur zombie

Skill      XL: |  1  2  3  4 |
---------------+-------------+-----
Necromancy     | 5 |  5.5
Spellcasting   | 4 5 |  5.1
Dodging        | |  2.7
Stealth        | |  2.6
Unarmed Combat | |  0.1

Action                   |  1- 3 |  4- 6 || total
-------------------------+-------+-------++-------
Melee: Unarmed           |     9 |    11 ||    20
 Cast: Pain              |    64 |     9 ||    73
       Animate Skeleton  |     7 |     2 ||     9
       Vampiric Draining |       |     2 ||     2
       Regeneration      |       |     2 ||     2
  Use: Scroll            |     6 |     2 ||     8
  Eat: Chunk             |     1 |       ||     1
       Ration            |     1 |     1 ||     2
Armor: Robe              |     4 |     5 ||     9
Dodge: Dodged            |    13 |    19 ||    32
